 Dungeon Crawl Stone Soup version 0.27-a0-1347-gd8886f0a89 (webtiles) character file.

Game seed: 3401277601635417802

199 Brandom the Gusty (level 5, -1/32 HPs)
             Began as a Tengu Air Elementalist on June 27, 2021.
             Was a Plaything of Xom.
             Slain by an iguana (11 damage)
             ... on level 4 of the Dungeon.
             The game lasted 00:12:41 (2963 turns).

Brandom the Gusty (Tengu Air Elementalist)          Turns: 2963, Time: 00:12:42

Health: -1/32      AC:  2    Str: 14    XL:     5   Next: 77%
Magic:  4/9        EV: 15    Int: 17    God:    Xom [..*...]
Gold:   20         SH:  0    Dex: 14    Spells: 2/9 levels left

rFire    . . .     SeeInvis .   n - +1 mace (protect)
rCold    . . .     Faith    .   (no shield)
rNeg     . . .     Spirit   .   a - +0 robe
rPois    .         Reflect  .   (helmet restricted)
rElec    .         Harm     .   (no cloak)
rCorr    .         Rampage  .   (no gloves)
Will     .....                  (boots unavailable)
Stlth    ++........             (no amulet)
HPRegen  0.10/turn              k - +6 ring of strength
MPRegen  0.11/turn              (no ring)

@: flying quickly and evasively, quick
A: beak, talons 3, nimble flight
a: Renounce Religion


You were on level 4 of the Dungeon.
You worshipped Xom.
You were a toy of Xom.
You visited 1 branch of the dungeon, and saw 4 of its levels.

You collected 62 gold pieces.
You spent 42 gold pieces at shops.

Inventory:

Hand Weapons
 d - a +0 mace of flaming
   (You found it on level 1 of the Dungeon)
 n - a +1 mace of protection (weapon)
   (You took it off an orc on level 3 of the Dungeon)
Missiles
 h - 6 curare-tipped darts {!f}
Armour
 a - a +0 robe (worn)
Magical Staves
 i - a staff of cold
   (You found it on level 2 of the Dungeon)
Jewellery
 k - a +6 ring of strength (left hand)
   (You found it on level 3 of the Dungeon)
 o - a ring of ice
   (You found it on level 3 of the Dungeon)
Scrolls
 e - a scroll of brand weapon
 f - a scroll of enchant weapon {unknown}
 g - a scroll of magic mapping
 j - a scroll of teleportation {@r4}
 m - a scroll of identify {@r1}
 p - 2 scrolls of immolation {unknown}
Potions
 b - 3 potions of haste {@q3}
 c - a potion of cancellation
 l - a potion of lignification {unknown}
 q - a potion of flight {unknown}
 r - a potion of mutation {unknown}
 s - 3 potions of magic
 t - a potion of curing {@q1}


   Skills:
 * Level 2.9 Fighting
 + Level 3.3 Dodging
 - Level 2.0 Stealth
 + Level 2.6 Spellcasting
 + Level 3.1 Conjurations
 + Level 5.0 Air Magic


You had 2 spell levels left.
You knew the following spells:

 Your Spells              Type           Power      Damage    Failure   Level
a - Shock                 Conj/Air       64%        1d7       3%          1
b - Static Discharge      Conj/Air       16%        N/A       5%          2
c - Airstrike             Air            9%         N/A       22%         4

Your spell library contained the following spells:

 Spells                   Type           Power      Damage    Failure   Level
 Swiftness                Air            19%        N/A       7%          3
 Lightning Bolt           Conj/Air       8%         1d20      67%         5


Dungeon Overview and Level Annotations

Branches:
Dungeon (4/15)             Temple (0/1) D:4

Altars:
Kikubaaqudgha
Okawaru
Trog
Xom

Shops:
D:4 !


Innate Abilities, Weirdness & Mutations

You have a beak for a mouth.
You have claws for feet.
Your magical nature lets you fly swiftly and evasively.


Message History

Okay, then.
Unknown command.
The phantom is struck by an arc of lightning!
You are struck by an arc of lightning.
The phantom is struck by an arc of lightning.
You are struck by an arc of lightning.
* * * LOW HITPOINT WARNING * * *
The lightning grounds out.
The phantom barely misses you.
The phantom is struck by an arc of lightning!
You are struck by an arc of lightning.
* * * LOW HITPOINT WARNING * * *
The lightning grounds out.
The phantom hits you but does no damage.
Unknown command.
The phantom is struck by an arc of lightning.
You are struck by an arc of lightning.
* * * LOW HITPOINT WARNING * * *
The lightning grounds out.
The phantom hits you.
* * * LOW HITPOINT WARNING * * *
Unknown command.
The phantom is struck by an arc of lightning.
You are struck by an arc of lightning.
* * * LOW HITPOINT WARNING * * *
The phantom is struck by an arc of lightning!
You destroy the phantom!
The lightning grounds out.
Your Conjurations skill increases to level 3!
Your Air Magic skill increases to level 5!
You start resting.
A goblin is nearby!
Aim: a goblin, wielding a +0 spear (64% to hit)
The zap hits the goblin!
You kill the goblin!
You start resting.
Your butterfly disappears in a puff of smoke!
You hear the slow rusting of a drain nearby.
Your trail of clouds dissipates. "Let's go for a ride!"
Your surroundings seem slightly different.
Your surroundings suddenly seem different.
An iguana comes into view.
The iguana is struck by an arc of lightning.
The iguana hisses angrily.
You are struck by an arc of lightning.
* * * LOW HITPOINT WARNING * * *
The iguana is struck by an arc of lightning.
The lightning grounds out.
The iguana misses you.
The iguana is struck by an arc of lightning.
The lightning grounds out.
The iguana bites you!
You die...

******** *,,,,,,#**
*,****,#., *,* *,,,#.
**,***,,,,,
#######*,,,,,,,,,,
#.....#..,,,,,,,,,
#@.......,,,,,,,,,
#.l......,,,,,,,,,
#........<,,,,,,**
****#.....#..,,,,*,**
*,,,.........,,,,,,*
********,**###.####.,,,,,,*
*,,,,,,,,* **.#* *,*,,,,**
*,********
*,..***,,>,,***** *,*
*,*,,,,,,,,,,,,,,


You could see an iguana.

Vanquished Creatures
  A phantom (D:4)
  A jelly (D:4)
  3 worms
  3 dart slugs
  5 orcs (D:3)
  7 ball pythons
  5 bats
  10 endoplasms
  2 giant cockroaches
  4 goblins
  6 hobgoblins
  5 jackals
  7 frilled lizards
  6 kobolds
  4 rats (D:1)
69 creatures vanquished.

Notes
Turn   | Place    | Note
-------+----------+-------------------------------------------
     0 | D:1      | Brandom the Tengu Air Elementalist began the quest for the
                  | Orb.
     0 | D:1      | Reached XP level 1. HP: 10/10 MP: 4/4
   189 | D:1      | Reached XP level 2. HP: 16/16 MP: 1/6
   308 | D:1      | Reached skill level 1 in Fighting
   498 | D:1      | Found a faded altar of an unknown god.
   507 | D:1      | Became a worshipper of Xom of Unknown Intention
   611 | D:1      | Reached XP level 3. HP: 20/20 MP: 4/7
  1072 | D:2      | Found a bloodstained altar of Trog.
  1166 | D:2      | XOM: silly message
  1177 | D:2      | XOM: smoke on damage
  1480 | D:2      | XOM: 6-stop teleportation journey
  1520 | D:2      | XOM: silly message
  1796 | D:3      | Reached XP level 4. HP: 26/26 MP: 1/8
  2070 | D:3      | XOM: divination: detect creatures
  2146 | D:3      | Learned a level 2 spell: Static Discharge
  2151 | D:3      | Learned a level 4 spell: Airstrike
  2222 | D:3      | Found an iron altar of Okawaru.
  2337 | D:3      | XOM: smoke on damage
  2520 | D:3      | Found an ancient bone altar of Kikubaaqudgha.
  2683 | D:3      | XOM: noise
  2802 | D:3      | XOM is BORED!
  2802 | D:3      | XOM: silly message
  2829 | D:4      | XOM: noise
  2852 | D:4      | Found Tarahuo's Distillery.
  2855 | D:4      | Bought a potion of curing for 42 gold pieces
  2859 | D:4      | XOM: cloud trail
  2879 | D:4      | Noticed a phantom
  2881 | D:4      | XOM: butterfly on damage
  2885 | D:4      | Gained mutation: Your magical nature lets you fly swiftly
                  | and evasively. [Tengu growth]
  2885 | D:4      | Reached XP level 5. HP: 23/31 MP: 9/9
  2890 | D:4      | Killed a phantom
  2891 | D:4      | Reached skill level 5 in Air Magic
  2961 | D:4      | XOM: 2-stop teleportation journey
  2963 | D:4      | Slain by an iguana

Illustrated notes

Levels and vault maps discovered:
D:1:      scummos_arrival_checkerplants, layout_rooms,
          hellmonk_ecumenical_altar_dog_temple
D:2:      layout_rooms, basic_altar, fountainhead
D:3:      layout_basic, okawaru_metal_pillars_1_2,
          nicolae_overflow_crystal_walls, minmay_fractal_squares_diagonal_5
D:4:      layout_loops_ring, minmay_temple_entry_stoned_glass,
          ebering_ghost_rock_garden, gup_sewer_entry_spiral, serial_shops, shop,
          hangedman_abyss_or_decor_passed

Skill      XL: |  1  2  3  4  5 |
---------------+----------------+-----
Fighting       | 1 2 |  2.9
Conjurations   | 2 3 |  3.1
Dodging        | 3 |  3.3
Air Magic      | 5 |  5.0
Stealth        | |  2.0
Spellcasting   | |  2.6

Action                   |  1- 3 |  4- 6 || total
-------------------------+-------+-------++-------
Melee: Unarmed           |     2 |       ||     2
       Mace              |     4 |     3 ||     7
       Kick              |     2 |     1 ||     3
       Peck              |       |     1 ||     1
 Cast: Shock             |    82 |    47 ||   129
       Static Discharge  |       |     6 ||     6
  Use: Scroll            |     3 |     3 ||     6
Armor: Robe              |     2 |     2 ||     4
Dodge: Dodged            |     9 |    13 ||    22

Table legend: (Time is in decaauts)
 A = Elapsed time spent in this place.
 B = Non-inter-level travel time spent in this place.
 C = Inter-level travel time spent in this place.
 D = Time resting spent in this place.
 E = Time spent auto-exploring this place.
 F = Levels seen in this place.
 G = Mean time per level.
                   A        B        C        D        E       F      G
               +--------+--------+--------+--------+--------+-----+--------+
         Total |   2965 |   2879 |     86 |    543 |   1906 |   4 |  741.2 |
       Dungeon |   2965 |   2879 |     86 |    543 |   1906 |   4 |  741.2 |
               +--------+--------+--------+--------+--------+-----+--------+

Top non-repeatable levels by time:
     D:3: 1048 daAuts
     D:2: 1007 daAuts
     D:1: 794 daAuts
     D:4: 115 daAuts
